 Dungeon Crawl Stone Soup version 0.22-a0-307-g2b15929 (webtiles) character file.

67 grizmgrazm2 the Grave Robber (level 3, -1/27 HPs)
             Began as a Mummy Necromancer on Apr 1, 2018.
             Slain by a centaur (6 damage)
             ... on level 3 of the Dungeon.
             The game lasted 00:04:42 (1855 turns).

grizmgrazm2 the Grave Robber (Mummy Necromancer)    Turns: 1855, Time: 00:04:42

Health: -1/27      AC:  6    Str: 19    XL:     3   Next: 98%
Magic:  8/8        EV: 10    Int: 15    God:
Gold:   101        SH:  0    Dex: 12    Spells: 5/9 levels left

rFire    x . .     SeeInvis .   b - +0 short sword
rCold    + . .     Gourm    .   (no shield)
rNeg     + + +     Faith    .   c - +0 ring mail
rPois    ∞         Spirit   .   (no helmet)
rElec    .         Reflect  .   (no cloak)
rCorr    .         Harm     .   d - +0 pair of gloves
MR       .....                  (no boots)
Stlth    +.........             (no amulet)
HPRegen  0.09/turn              f - +5 ring of strength
MPRegen  0.11/turn              g - +3 ring of strength

@: heavily drained
A: no food or potions, fire vulnerability, cold resistance 1, negative energy
resistance 3, torment resistance, unbreathing
a: no special abilities


You were on level 3 of the Dungeon.
You were not hungry.

You visited 1 branch of the dungeon, and saw 3 of its levels.

You collected 101 gold pieces.

Inventory:

Hand Weapons
 b - a +0 short sword (weapon)
Armour
 c - a +0 ring mail (worn)
 d - a +0 pair of gloves (worn)
Jewellery
 f - a +5 ring of strength (left hand)
 g - a +3 ring of strength (right hand)
Scrolls
 a - a scroll of remove curse {unknown}
 e - a scroll of enchant armour {unknown}
 h - a scroll of identify
 i - a scroll of amnesia {unknown}


   Skills:
 + Level 1.9(0.4) Fighting
 - Level 1.5(0.1) Dodging
 - Level 1.5(0.1) Stealth
 + Level 3.8(2.2) Spellcasting
 + Level 4.5(3.0) Necromancy


You had 5 spell levels left.
You knew the following spells:

 Your Spells              Type           Power        Failure   Level  Hunger
a - Pain                  Necr           ##..         11%         1    N/A
b - Vampiric Draining     Necr           ##........   32%         3    N/A

Dungeon Overview and Level Annotations

Branches:
Dungeon (3/15)

Altars:


Innate Abilities, Weirdness & Mutations

You do not eat or drink.
Your flesh is vulnerable to fire.
You are immune to poison.
Your flesh is cold resistant. (rC+)
You are immune to negative energy. (rN+++)
You are immune to unholy pain and torment.
You can survive without breathing.


Message History

Found 13 gold pieces.
You see here an arrow.
The centaur shoots an arrow.
The arrow hits you.
You see here an arrow.
The centaur shoots an arrow.
The arrow hits you.
The centaur shoots an arrow.
The arrow hits you.
You see here 2 arrows.
The centaur shoots an arrow.
The arrow hits you!
Things that are here:
an arrow; 13 gold pieces The centaur shoots an arrow.
The arrow hits you!
* * * LOW HITPOINT WARNING * * *
You see here an arrow.
The centaur unwields an uncursed shortbow.
The centaur barely misses you.
You barely miss the centaur.
The centaur hits you but does no damage.
You barely miss the centaur. The centaur barely misses you.
The centaur hits you.
You die...

#. # ### .##. +#
###+.#.. .... .
....#.# .... .##
#..c# .##. #.# #@#
.##. #.########(#
.##.###†......##(#
.###...#.####.##(#
......##.####.##(#
..###.##.#.....(.#
#.# #.##.#.##.####
#.# #.........#
#.# ###########


You could see a centaur.

Vanquished Creatures
  2 adders (D:2)
  An ooze (D:2)
  A worm (D:2)
  A leopard gecko (D:2)
  2 ball pythons
  2 giant cockroaches
  6 hobgoblins
  3 jackals (D:2)
  3 kobolds
  7 bats
  A frilled lizard (D:2)
  7 goblins
  4 rats
40 creatures vanquished.

Notes
Turn   | Place    | Note
-------+----------+-------------------------------------------
     0 | D:1      | grizmgrazm2 the Mummy Necromancer began the quest for the Orb.
     0 | D:1      | Reached XP level 1. HP: 13/13 MP: 4/4
   324 | D:1      | Reached XP level 2. HP: 17/20 MP: 6/6
   439 | D:1      | Reached skill level 1 in Fighting
   787 | D:2      | Reached XP level 3. HP: 20/26 MP: 7/7
   915 | D:2      | Learned a level 3 spell: Vampiric Draining
  1848 | D:3      | Noticed a centaur
  1855 | D:3      | Slain by a centaur

Vault maps used:
D:1:      dpeg_arrival_houses_and_road, serial_bayou_crossing
D:2:      first_ration
D:3:      nicolae_ru_great_annihilating_truth, chequers_ecumenical_altar_simple,
          uniq_ijyb

Skill      XL: |  1  2 |
---------------+-------+-----
Spellcasting   | 3 |  3.8
Fighting       | 1 |  1.9
Dodging        | |  1.5
Stealth        | |  1.5
Necromancy     | |  4.5

Action                   || total
-------------------------++-------
Melee: Short sword       ||   164
 Cast: Pain              ||    12
  Use: Scroll            ||     3
Armor: Ring mail         ||    77
Dodge: Dodged            ||   106

Table legend:
 A = Spawn XP
 B = Non-spawn XP
 C = Spawn XP percentage of total XP
 D = Spawn monster count
 E = Non-spawn monster count
 F = Spawn count percentage of total count
 G = Total turns spent on level
                    A         B        C        D         E        F      G
               +---------+---------+-------+---------+---------+-------+---------
         Total |       0 |      96 |   0.0 |       0 |      40 |   0.0 |  1855
               +---------+---------+-------+---------+---------+-------+---------
           D:1 |       0 |      18 |   0.0 |       0 |      11 |   0.0 |   597
           D:2 |       0 |      74 |   0.0 |       0 |      26 |   0.0 |  1135
           D:3 |       0 |       4 |   0.0 |       0 |       3 |   0.0 |   123
               +---------+---------+-------+---------+---------+-------+---------
